 Dungeon Crawl Stone Soup version 0.31-a0-1-g4198be8af4 (webtiles) character file.

Game seed: 14753998875660643737

742 LobsterGuardian the Skirmisher (level 7, -5/33 HPs)
             Began as a Spriggan Hunter on May 3, 2023.
             Slain by a wyvern (13 damage)
             ... on level 5 of the Dungeon.
             The game lasted 00:08:58 (4291 turns).

LobsterGuardian the Skirmisher (Spriggan Hunter)    Turns: 4291, Time: 00:08:58

Health: -5/33      AC:  3    Str:  7    XL:     7   Next: 47%
Magic:  8/8        EV: 18    Int: 11    God:
Gold:   294        SH:  0    Dex: 20    Spells: 6/6 levels left

rFire   + . .        a - +0 shortbow
rCold   . . .        (shield currently unavailable)
rNeg    . . .        c - +1 robe
rPois   .            (helmet restricted)
rElec   .            (no cloak)
rCorr   .            (gloves unavailable)
SInv    +            (boots unavailable)
Will    ++...        (no amulet)
Stlth   ++           f - ring of protection from fire
HPRegen 0.25/turn    i - ring of willpower
MPRegen 0.11/turn

%: no passive effects
@: very quick
A: very small, no large weapons, unfitting armour, see invisible, speed 3
a: no special abilities


You were on level 5 of the Dungeon.
You visited 1 branch of the dungeon, and saw 6 of its levels.

You collected 294 gold pieces.

Inventory:

Hand Weapons
 a - a +0 shortbow (weapon)
Armour
 c - a +1 robe (worn)
Jewellery
 f - a ring of protection from fire (left hand)
 i - a ring of willpower (right hand)
 n - a ring of protection from fire
Wands
 l - a wand of iceblast (9)
Scrolls
 b - a scroll of enchant armour
 d - 2 scrolls of amnesia
 h - 2 scrolls of vulnerability
 j - 2 scrolls of enchant weapon
 m - a scroll of magic mapping
 o - a scroll of fog
Potions
 g - a potion of curing


   Skills:
 + Level 1.5 Fighting
 * Level 9.2 Ranged Weapons
 - Level 2.6 Dodging
 + Level 2.0 Stealth


You had 6 spell levels left.
You didn't know any spells.
Your spell library contained the following spells:

 Spells                   Type           Power      Damage    Failure   Level
 Scorch                   Fire           0%         2d5       47%         2
 Flame Wave               Conj/Fire      0%         2d4       98%         4
 Summon Cactus Giant      Summ           0%         N/A       100%        6


Dungeon Overview and Level Annotations

Branches:
Dungeon (6/15)
 Temple: D:4-7

Altars:
Cheibriados

Shops:
D:3 (

Annotations:
D:5 Pikel


Innate Abilities, Weirdness & Mutations

You are very small and have problems with some larger weapons.
You are too small for most types of armour.
You have supernaturally acute eyesight. (SInv)
You cover ground extremely quickly. (Speed+++)


Message History

You feel much better. The wyvern bites you. The wyvern barely misses you.
You shoot an arrow. The arrow hits the wyvern.
The wyvern is heavily wounded.
The wyvern barely misses you.
You shoot an arrow. The arrow barely misses the wyvern.
The wyvern bites you! The wyvern closely misses you.
You feel much better. The wyvern closely misses you.
You shoot an arrow.
The arrow hits the wyvern but does no damage.
The wyvern is heavily wounded.
The wyvern closely misses you. The wyvern misses you.
You shoot an arrow. The arrow closely misses the wyvern.
The wyvern misses you.
The wyvern bites you but does no damage.
You shoot an arrow. The arrow hits the wyvern.
The wyvern is heavily wounded.
The wyvern completely misses you.
You shoot an arrow. The arrow hits the wyvern.
The wyvern is heavily wounded.
The wyvern bites you but does no damage. x2
You shoot an arrow. The arrow hits the wyvern.
The wyvern is severely wounded.
The wyvern completely misses you.
You shoot an arrow.
The arrow hits the wyvern but does no damage.
The wyvern is severely wounded.
The wyvern misses you. The wyvern bites you.
You shoot an arrow.
The arrow hits the wyvern but does no damage.
The wyvern is heavily wounded.
The wyvern barely misses you.
You shoot an arrow. The arrow hits the wyvern.
The wyvern is severely wounded.
The wyvern misses you. The wyvern bites you!!
Ouch! That really hurt!
You feel much better. The wyvern bites you! The wyvern bites you!!
Ouch! That really hurt!
* * * LOW HITPOINT WARNING * * *
You feel better. The wyvern barely misses you.
You open the door. The wyvern bites you!
You die...

........##..##.#..'l..'....#
#######.##.###.#.##...####.#
.....(#.##5# #.#.######
#####......# #.#.#
.....).[#### #.#.# #####.#.#
#.#K# # ###.#.# #.#.# #
#...#.# #l# # #.###.# #@#
###.###.# ##+#'# >.[.....#
....... ######### ........#
#########.........#
5...K.5.'.........#
#########.........#
........# h...


You could see Pikel and a wyvern.

Vanquished Creatures
  Menkaure (D:5)
  3 lemures (D:5)
  A gnoll sergeant (D:5)
  A scorpion (D:4)
  3 hounds
  An orc priest (D:3)
  2 iguanas (D:4)
  An iron imp (D:4)
  An orc wizard (D:6)
  5 adders
  13 gnolls
  A worm (D:2)
  A dart slug (D:4)
  16 orcs
  7 bats
  4 endoplasms
  2 giant cockroaches
  5 goblins
  8 hobgoblins
  7 jackals
  A quokka (D:4)
  7 ball pythons
  4 frilled lizards
  5 kobolds
  7 rats
107 creatures vanquished.

Notes
Turn   | Place    | Note
-------+----------+-------------------------------------------
     0 | D:1      | LobsterGuardian the Spriggan Hunter began the quest for the
                  | Orb.
     0 | D:1      | Reached XP level 1. HP: 10/10 MP: 2/2
   245 | D:1      | Reached XP level 2. HP: 14/14 MP: 3/3
   821 | D:2      | Reached XP level 3. HP: 18/18 MP: 4/4
   858 | D:2      | Reached skill level 5 in Ranged Weapons
  1469 | D:3      | Found Lyetyn's Weapon Boutique.
  1484 | D:3      | Reached XP level 4. HP: 22/22 MP: 5/5
  1543 | D:3      | Reached skill level 6 in Ranged Weapons
  1816 | D:3      | Reached XP level 5. HP: 13/25 MP: 6/6
  2374 | D:4      | Found a snail-covered altar of Cheibriados.
  2399 | D:4      | Reached skill level 7 in Ranged Weapons
  2560 | D:4      | Reached XP level 6. HP: 26/30 MP: 7/7
  2822 | D:4      | Reached skill level 8 in Ranged Weapons
  3072 | D:5      | Entered Level 5 of the Dungeon
  3481 | D:5      | Noticed Menkaure
  3522 | D:5      | Killed Menkaure
  3523 | D:5      | Reached XP level 7. HP: 17/33 MP: 8/8
  3815 | D:5      | Reached skill level 9 in Ranged Weapons
  4083 | D:5      | Noticed Pikel
  4170 | D:6      | Noticed a yak
  4260 | D:5      | Noticed a wyvern
  4291 | D:5      | Slain by a wyvern

Illustrated notes

Levels and vault maps discovered:
D:1:      dpeg_arrival_yet_another_circle, layout_rooms
D:2:      minmay_inner_zag, layout_loops_ring, grunt_decor_fettered,
          minmay_tetromino_t4
D:3:      layout_basic, serial_shops, shop
D:4:      layout_basic, slow_altar_1
D:5:      layout_basic, uniq_menkaure, uniq_pikel
D:6:      layout_basic, lemuel_temple_firewalk_b, enter_ossuary_2,
          uniq_eustachio, uniq_duvessa

Skill      XL: |  1  2  3  4  5  6  7 |
---------------+----------------------+-----
Ranged Weapons | 5 6 7 8 9 |  9.2
Stealth        | 2 |  2.0
Fighting       | |  1.5
Dodging        | |  2.6

Action                     |  1- 3 |  4- 6 |  7- 9 || total
---------------------------+-------+-------+-------++-------
   Fire: Shortbow          |    80 |   223 |    97 ||   400
  Throw: Throwing net      |       |       |     2 ||     2
  Evoke: Wand              |       |       |     1 ||     1
    Use: Scroll            |     5 |     4 |     1 ||    10
         Potion            |       |     1 |     6 ||     7
 Armour: Robe              |     2 |    13 |     4 ||    19
  Dodge: Dodged            |    25 |    92 |    24 ||   141

Table legend: (Time is in decaauts)
 A = Elapsed time spent in this place.
 B = Non-inter-level travel time spent in this place.
 C = Inter-level travel time spent in this place.
 D = Time resting spent in this place.
 E = Time spent auto-exploring this place.
 F = Levels seen in this place.
 G = Mean time per level.
                   A        B        C        D        E       F      G
               +--------+--------+--------+--------+--------+-----+--------+
         Total |   3054 |   2975 |     79 |     11 |   2242 |   6 |  509.0 |
       Dungeon |   3054 |   2975 |     79 |     11 |   2242 |   6 |  509.0 |
               +--------+--------+--------+--------+--------+-----+--------+

Top non-repeatable levels by time:
     D:5: 854 daAuts
     D:3: 719 daAuts
     D:2: 598 daAuts
     D:4: 484 daAuts
     D:1: 325 daAuts
     D:6: 71 daAuts
